 Dungeon Crawl Stone Soup version 0.31-a0-532-g28f74ba3e5 (webtiles) character file.

Game seed: 12117267969949677709

655 pokeman the Thaumaturge (level 7, -14/40 HPs)
             Began as a Deep Elf Hedge Wizard on Aug 12, 2023.
             Was an Initiate of Vehumet.
             Demolished by an ogre
             ... wielding a +0 giant spiked club
              (31 damage)
             ... on level 4 of the Dungeon.
             The game lasted 00:09:00 (4285 turns).

pokeman the Thaumaturge (Deep Elf Hedge Wizard)     Turns: 4285, Time: 00:09:01

Health: -14/40     AC:  3    Str:  7    XL:     7   Next: 29%
Magic:  18/20      EV: 13    Int: 27    God:    Vehumet [......]
Gold:   113        SH:  0    Dex: 20    Spells: 14/22 levels left

rFire   . . .        p - +4 scythe
rCold   . . .        (shield currently unavailable)
rNeg    . . .        b - +0 robe
rPois   .            c - +0 hat
rElec   .            (no cloak)
rCorr   .            (no gloves)
SInv    .            m - +0 pair of boots
Will    .....        n - amulet of regeneration
Stlth   +++          j - +6 ring of intelligence
HPRegen 1.06/turn    k - +6 ring of dexterity
MPRegen 0.17/turn

%: no passive effects
@: no status effects
A: no striking features
a: Renounce Religion


You were on level 4 of the Dungeon.
You worshipped Vehumet.
Vehumet was noncommittal.
You visited 1 branch of the dungeon, and saw 4 of its levels.
You also visited: Sewer.

You collected 113 gold pieces.

Inventory:

Hand Weapons
 p - a +4 scythe (weapon)
 w - a +1 dagger of venom
Armour
 b - a +0 robe (worn)
 c - a +0 hat (worn)
 m - a +0 pair of boots (worn)
Magical Staves
 v - a staff of fire
Jewellery
 j - a +6 ring of intelligence (left hand)
 k - a +6 ring of dexterity (right hand)
 l - an amulet of reflection
 n - an amulet of regeneration (around neck)
Wands
 q - a wand of mindburst (28)
Scrolls
 a - 2 scrolls of immolation {unknown}
 f - a scroll of noise {unknown}
 g - 4 scrolls of identify {unknown}
 h - 3 scrolls of vulnerability {unknown}
 o - a scroll of fog {unknown}
Potions
 d - 2 potions of magic
 e - 3 potions of curing {unknown}
 i - 3 potions of resistance {unknown}
 r - a potion of brilliance {unknown}
 s - 2 potions of heal wounds {unknown}
 t - a potion of invisibility {unknown}
 u - a potion of lignification {unknown}
 x - a potion of attraction {unknown}


   Skills:
 - Level 2.2 Fighting
 - Level 2.3 Armour
 - Level 3.0 Dodging
 - Level 3.0 Stealth
 * Level 8.0 Spellcasting
 + Level 3.8 Conjurations
 - Level 1.1 Summonings
 - Level 1.1 Translocations
 + Level 0.3 Fire Magic
 + Level 0.5 Evocations


You had 14 spell levels left.
You knew the following spells:

 Your Spells              Type           Power      Damage    Failure   Level
a - Magic Dart            Conj           100%       1d8       1%          1
b - Mephitic Cloud        Conj/Pois/Air  17%        N/A       10%         3
c - Call Imp              Summ           32%        N/A       4%          2
d - Blink                 Tloc           32%        N/A       4%          2

Your spell library contained the following spells:

 Spells                   Type           Power      Damage    Failure   Level
 Slow                     Hex            40%        N/A       5%          1
 Cigotuvi's Dreadful Rot  Necr/Pois/Air  20%        N/A       8%          2


Dungeon Overview and Level Annotations

Branches:
Dungeon (4/15)              Sewer (visited)
 Temple: D:4-7

Altars:
Elyvilon
Vehumet
Wu Jian

Annotations:
D:4 2 transporters, justen's ghost, amateur MfSh


Message History

Things that are here:
a +0 chain mail; a +0 flail
There is a stone staircase leading down, spattered with blood here.
You climb downwards.
Level annotation: 2 transporters, justen's ghost, amateur MfSh
Found a serpent talisman.
There is a stone staircase leading up here.
Casting: Magic Dart (safe; 1% risk of failure)
Confirm with . or Enter, or press ? or * to list all spells.
Aiming: Mephitic Cloud (dangerous; 10% risk of failure)
Press: ? - help, Shift-Dir - straight line, f - ogre
Aim: an ogre, wielding a +0 giant spiked club (asleep, chance to affect: 77%)
The ball explodes into a vile cloud!
The stinking cloud engulfs the ogre but does no damage.
The ogre shouts!
The ogre is engulfed in noxious fumes.
The ogre appears confused.
Unknown command.
Reach: p) +4 scythe
Press: ? - help, Dir - move target, f/p - ogre
Aim: an ogre, wielding a +0 giant spiked club (noxious fumes, confused, about 14% to evade your +4 scythe)
You hit the ogre.
The ogre is moderately wounded.
The ogre is engulfed in noxious fumes.
The ogre appears confused.
The ogre hits you with a +0 giant spiked club!!
Ouch! That really hurt!
The ogre hits itself with a +0 giant spiked club.
Reach: p) +4 scythe
Press: ? - help, Dir - move target, f/p - ogre
Aim: an ogre, wielding a +0 giant spiked club (noxious fumes, heavily wounded, confused, about 14% to evade your +4 scythe)
You completely miss the ogre.
The ogre is heavily wounded.
Unknown command.
Reach: p) +4 scythe
Press: ? - help, Dir - move target, f/p - ogre
Aim: an ogre, wielding a +0 giant spiked club (heavily wounded, confused, about 14% to evade your +4 scythe)
You hit the ogre.
The ogre is severely wounded.
The ogre hits you with a +0 giant spiked club!!
Ouch! That really hurt!
You die...

### ###%. ...#
# ..# ##.#.#
#...@#
.....°O........
.###°..........
##.#........
.......###©
##.#...## # #
...## .© . ##.#
.## 5.# .#


You could see an ogre (confused).

Vanquished Creatures
  Sigmund (D:2)
  2 jellies (Sewer)
  An orc wizard (D:4)
  9 adders
  A river rat (Sewer)
  A dart slug (D:1)
  13 orcs
  18 endoplasms
  7 giant cockroaches
  3 goblins
  3 hobgoblins
  2 jackals (D:3)
  6 kobolds
  3 quokkas
  7 ball pythons
  5 bats
  5 frilled lizards
  5 rats
92 creatures vanquished.

Vanquished Creatures (collateral kills)
  Grinder (D:3)
1 creature vanquished.

Grand Total: 93 creatures vanquished

Notes
Turn   | Place    | Note
-------+----------+-------------------------------------------
     0 | D:1      | pokeman the Deep Elf Hedge Wizard began the quest for the
                  | Orb.
     0 | D:1      | Reached XP level 1. HP: 10/10 MP: 7/7
   412 | D:1      | Reached XP level 2. HP: 15/15 MP: 5/9
  1186 | D:1      | Reached skill level 5 in Spellcasting
  1429 | D:2      | Found a white marble altar of Elyvilon.
  1496 | D:2      | Reached XP level 3. HP: 20/20 MP: 4/11
  1501 | D:2      | Learned a level 3 spell: Mephitic Cloud
  1504 | D:2      | Learned a level 2 spell: Blink
  1507 | D:2      | Learned a level 2 spell: Call Imp
  1741 | D:2      | Found a faded altar of an unknown god.
  1934 | D:2      | Noticed Sigmund
  1945 | D:2      | Killed Sigmund
  1946 | D:2      | Reached skill level 1 in Fighting
  1946 | D:2      | Reached skill level 1 in Armour
  1946 | D:2      | Reached skill level 6 in Spellcasting
  1946 | D:2      | Reached XP level 4. HP: 26/26 MP: 7/14
  1946 | D:2      | Reached XP level 5. HP: 30/30 MP: 7/15
  2454 | D:3      | Noticed Grinder
  2465 | D:3      | Paralysed by Grinder for 3 turns
  2469 | D:3      | Paralysed by Grinder for 2 turns
  2475 | D:3      | Killed Grinder
  2476 | D:3      | Reached skill level 7 in Spellcasting
  2476 | D:3      | Reached XP level 6. HP: 6/35 MP: 3/18
  2664 | D:3      | Found a glowing drain.
  2684 | Sewer    | Entered a sewer
  2934 | Sewer    | Reached XP level 7. HP: 40/40 MP: 17/20
  3133 | Sewer    | Found a viscous altar of Jiyva.
  3321 | D:3      | Found an ornate altar of the Wu Jian Council.
  3499 | D:3      | Found a radiant altar of Vehumet.
  3506 | D:3      | Became a worshipper of Vehumet
  3644 | D:3      | You fall into a shaft and drop 1 floor!
  3782 | D:4      | Reached skill level 8 in Spellcasting
  4018 | D:4      | Found a transporter.
  4028 | D:4      | Noticed justen's ghost (amateur MfSh)
  4036 | D:4      | Found a transporter.
  4221 | D:3      | Identified the +2 dagger "Weewuny" {protect, Int+2}
  4285 | D:4      | Demolished by an ogre

Illustrated notes

Levels and vault maps discovered:
D:1:      dpeg_arrival_shelter, layout_basic, eino_curves_02
D:2:      layout_loops_ring, ebering_ecumenical_altar_mist, basic_altar,
          minmay_misc_feat_alley, uniq_sigmund
D:3:      layout_basic, mainiacjoe_overflow_boulevard,
          mainiacjoe_overflow_alcove_2, gup_sewer_entry_glass, uniq_grinder
D:4:      layout_loops_ring, gammafunk_ghost_stat_death, kennysheep_dice

Skill      XL: |  1  2  3  4  5  6  7 |
---------------+----------------------+-----
Spellcasting   | 5 6 7 8 |  8.0
Fighting       | 1 2 |  2.2
Armour         | 1 2 |  2.3
Conjurations   | 2 3 |  3.8
Stealth        | 3 |  3.0
Dodging        | 3 |  3.0
Summonings     | |  1.1
Translocations | |  1.1
Fire Magic     | |  0.3
Evocations     | |  0.5

Action                     |  1- 3 |  4- 6 |  7- 9 || total
---------------------------+-------+-------+-------++-------
  Melee: Dagger            |     3 |       |       ||     3
         Halberd           |       |    15 |    16 ||    31
   Cast: Magic Dart        |    85 |    61 |    65 ||   211
         Mephitic Cloud    |     1 |     1 |     3 ||     5
         Call Imp          |     1 |     1 |       ||     2
         Blink             |       |     1 |       ||     1
   Stab: Confused          |     2 |       |     1 ||     3
         Sleeping          |     1 |     2 |       ||     3
 Armour: Robe              |     5 |     5 |     1 ||    11
  Dodge: Dodged            |     7 |    13 |     8 ||    28

Table legend: (Time is in decaauts)
 A = Elapsed time spent in this place.
 B = Non-inter-level travel time spent in this place.
 C = Inter-level travel time spent in this place.
 D = Time resting spent in this place.
 E = Time spent auto-exploring this place.
 F = Levels seen in this place.
 G = Mean time per level.
                   A        B        C        D        E       F      G
               +--------+--------+--------+--------+--------+-----+--------+
         Total |   4322 |   4099 |    223 |     24 |   3440 |   5 |  864.4 |
       Dungeon |   3766 |   3543 |    223 |     24 |   2995 |   4 |  941.5 |
         Sewer |    555 |    555 |      0 |      0 |    444 |   1 |  555.0 |
               +--------+--------+--------+--------+--------+-----+--------+

Top non-repeatable levels by time:
     D:1: 1398 daAuts
     D:2: 1102 daAuts
     D:3: 820 daAuts
   Sewer: 555 daAuts
     D:4: 446 daAuts
